 Dungeon Crawl Stone Soup version 0.19.5 (webtiles) character file.

4173 Wander the Destroyer (level 10, -9/63 HPs)
             Began as a Human Wanderer on Apr 1, 2017.
             Was a Priest of Vehumet.
             Killed from afar by Maurice (15 damage)
             ... with a wand of lightning
             ... on level 8 of the Dungeon.
             The game lasted 00:46:36 (10450 turns).

Wander the Destroyer (Human Wanderer)              Turns: 10450, Time: 00:46:37

Health: -9/63      AC:  7    Str: 11 (12) XL:     10   Next: 53%
Magic:  7/21       EV: 16    Int: 17 (18) God:    Vehumet [***...]
Gold:   297        SH:  0    Dex: 10 (11) Spells: 7 memorised, 2 levels left

rFire  . . .     SeeInvis .     O - staff of conjuration
rCold  . . .     Gourm    .     K - +0 robe (curse)
rNeg   . . .     Faith    .     (no shield)
rPois  .         Spirit   .     (no helmet)
rElec  .         Reflect  .     v - +0 cloak
rCorr  .         Harm     .     D - +0 pair of gloves (curse)
MR     .....     Rnd*Tele +     z - +0 pair of boots
Stlth  +.........               (no amulet)
                                k - +4 ring of evasion
                                i - ring of teleportation (curse)

@: lethally poisoned (-9 -> -12), about to teleport
A: molten scales 1
a: Renounce Religion


You were on level 8 of the Dungeon.
You worshipped Vehumet.
Vehumet was most pleased with you.
You were hungry.

You visited 2 branches of the dungeon, and saw 9 of its levels.

You collected 431 gold pieces.
You spent 134 gold pieces at shops.

Inventory:

Hand Weapons
 d - a +0 club
 g - a +0 halberd
 o - a +0 mace
 u - a +4 whip
 x - a +3 short sword of venom
 A - a +2 dagger of freezing
Armour
 c - a +1 robe
 v - a +0 cloak (worn)
 y - a +0 robe
 z - a +0 pair of boots (worn)
 D - a cursed +0 pair of gloves (worn)
 F - a +0 pair of gloves
 K - a cursed +0 robe (worn)
Magical Staves
 O - an uncursed staff of conjuration (weapon)
Jewellery
 i - a cursed ring of teleportation (left hand)
 k - a +4 ring of evasion (right hand)
 p - an uncursed ring of magical power
 t - an uncursed ring of flight
 C - a +2 ring of dexterity
 J - a cursed amulet of guardian spirit
 S - an uncursed amulet of rage {unknown}
Wands
 m - a wand of iceblast (5/15)
 w - a wand of iceblast (14/15)
Scrolls
 b - a scroll of teleportation
 j - 4 scrolls of amnesia
 l - a scroll of enchant armour
 q - 2 scrolls of enchant weapon
 B - a scroll of fear
 N - a scroll of magic mapping
 V - a scroll of random uselessness {unknown}
Potions
 e - 4 potions of agility
 h - a potion of might
 s - 6 potions of brilliance
 H - 2 potions of cancellation
 I - 2 potions of lignification
 L - a potion of resistance
 M - a potion of flight
 Q - 2 potions of berserk rage
Books
 a - a book of Minor Magic

   Spells                             Type                      Level
   a - Magic Dart                     Conjuration                  1
   b - Blink                          Translocation                2
   c - Call Imp                       Summoning                    2
   d - Repel Missiles                 Charms/Air                   2
   e - Slow                           Hexes                        2
   f - Conjure Flame                  Conjuration/Fire             3
   g - Mephitic Cloud                 Conjuration/Poison/Air       3
 E - a book of Air

   Spells                             Type                      Level
   a - Shock                          Conjuration/Air              1
   b - Swiftness                      Charms/Air                   2
   c - Repel Missiles                 Charms/Air                   2
   d - Static Discharge               Conjuration/Air              3
   e - Lightning Bolt                 Conjuration/Air              5
 P - a book of Power

   Spells                             Type                      Level
   a - Fulminant Prism                Conjuration/Hexes            4
   b - Iskenderun's Mystic Blast      Conjuration                  4
   c - Venom Bolt                     Conjuration/Poison           5
   d - Bolt of Magma                  Conjuration/Fire/Earth       5
   e - Iron Shot                      Conjuration/Earth            6
   f - Orb of Destruction             Conjuration                  7
   g - Spellforged Servitor           Conjuration/Summoning        7
Comestibles
 f - 8 bread rations
 n - 3 beef jerkies
 r - a slice of pizza
 G - 16 fruits
 U - a chunk of flesh


   Skills:
 - Level 4.0 Short Blades
 - Level 2.0 Dodging
 - Level 7.3 Spellcasting
 + Level 11.9 Conjurations
   Level 1.0 Transmutations
 - Level 1.3 Fire Magic
 + Level 1.0 Ice Magic
 - Level 1.0 Air Magic
   Level 1.0 Earth Magic
 - Level 1.1 Poison Magic
 - Level 2.0 Evocations


You had 2 spell levels left.
You knew the following spells:

 Your Spells              Type           Power        Failure   Level  Hunger
a - Magic Dart            Conj           ####         1%          1    None
b - Blink                 Tloc           N/A          21%         2    None
c - Conjure Flame         Conj/Fire      #####...     1%          3    ##.....
d - Mephitic Cloud        Conj/Pois/Air  ####....     1%          3    ##.....
e - Freeze                Ice            #...         2%          1    None
f - Orb of Destruction    Conj           ######....   32%         7    #######
g - Iskenderun's Mystic   Conj           ######..     1%          4    ####...


Dungeon Overview and Level Annotations

Branches:
Dungeon (8/15)             Temple (1/1) D:4
   Lair: D:8-11

Altars:
Ashenzari
Cheibriados
Dithmenos
Elyvilon
Fedhas
Gozag
Hepliaklqana
Kikubaaqudgha
Makhleb
Nemelex Xobeh
Okawaru
Qazlal
Sif Muna
Trog
Uskayaw
Vehumet
Xom
Yredelemnul
Zin
The Shining One

Shops:
D:6 [}:

Annotations:
D:3 Wander's ghost, amateur HuWn
D:4 1 runed door
D:8 Erica; Maurice


Innate Abilities, Weirdness & Mutations

You are partially covered in molten scales. (AC +2)


Message History

Okay, then.
You feel sick.
Okay, then.
Okay, then.
As you read the scroll of identify, it crumbles to dust.
M - a potion of flight You feel sick.
It was a potion of degeneration.
There was something very wrong with that liquid.
You feel weakened.
You feel dopey.
You feel clumsy.
You feel sick.
Okay, then.
As you read the scroll of teleportation, it crumbles to dust.
You feel strangely unstable.
You feel sick.
Maurice unwields an uncursed short sword.
Maurice wields a blowgun.
Maurice shoots a curare-tipped needle.
You feel sick.
Maurice zaps a wand.
The bolt of lightning hits something.
The bolt of lightning hits you!
You die...

.#.##.........#
.#.##.......### .#
.#.##.......## .#
(#.##........# .#
##.##........## .#
...##.........# #.#
###
#.......#.###.#####.
#####.....).........
#.......@.#########
#.........#........
#...)).{.)#........
##....(##.#........
#####).(.....'........
#........@.#.#........
#........#.#)#........
#........#.#.#........
#......###.#'#########


You could see Maurice.

Vanquished Creatures
  Joseph (D:7)
  A two-headed ogre (D:8)
  Sigmund (D:3)
  The ghost of equalderp2856 the Sneak, an amateur FeSu (D:6)
  3 orc warriors
  A phantom (D:7)
  3 ice beasts
  A black bear (D:6)
  3 sky beasts
  4 ogres
  2 centaurs (D:6)
  2 big kobolds
  5 bullfrogs
  3 scorpions
  2 howler monkeys
  A centaur zombie (D:5)
  3 hounds
  5 orc wizards
  A human skeleton (D:4)
  2 orc priests
  A gnoll shaman (D:4)
  Ijyb (D:2)
  3 bullfrog skeletons
  3 iguanas (D:4)
  2 centaur skeletons
  Natasha (thrice) (D:7)
  6 worker ants
  2 hound zombies (D:6)
  A hound skeleton (D:6)
  A worker ant zombie (D:5)
  A howler monkey zombie (D:8)
  14 gnolls
  8 adders
  2 river rats (D:4)
  A shadow imp (D:6)
  2 oozes
  2 adder skeletons
  An adder zombie (D:5)
  4 worms
  3 leopard geckos
  26 orcs
  3 ball pythons
  7 bats
  10 giant cockroaches
  7 goblins
  6 hobgoblins
  12 jackals
  15 kobolds
  7 frilled lizards
  A jackal skeleton (D:4)
200 creatures vanquished.

Notes
Turn   | Place    | Note
-------+----------+-------------------------------------------
     0 | D:1      | Wander the Human Wanderer began the quest for the Orb.
     0 | D:1      | Wander set off with: a book of Minor Magic, 2 potions of lignification, a +0 robe, a +0 club, a bread ration
     0 | D:1      | Reached XP level 1. HP: 13/13 MP: 6/6
     4 | D:1      | Learned a level 1 spell: Magic Dart
   156 | D:1      | Reached skill level 1 in Conjurations
   156 | D:1      | Reached XP level 2. HP: 15/19 MP: 0/8
   435 | D:1      | Reached skill level 2 in Conjurations
   538 | D:1      | Reached XP level 3. HP: 24/24 MP: 6/9
   542 | D:1      | Learned a level 2 spell: Blink
   546 | D:1      | Learned a level 3 spell: Conjure Flame
   550 | D:1      | Learned a level 3 spell: Mephitic Cloud
   929 | D:2      | Noticed Ijyb
   957 | D:2      | Killed Ijyb
   957 | D:2      | Reached skill level 3 in Conjurations
   957 | D:2      | Reached XP level 4. HP: 15/30 MP: 0/11
  1514 | D:2      | Reached skill level 4 in Conjurations
  1514 | D:2      | Reached XP level 5. HP: 29/35 MP: 10/12
  2072 | D:3      | Noticed Sigmund
  2606 | D:3      | Killed Sigmund
  2606 | D:3      | Reached skill level 5 in Conjurations
  2606 | D:3      | Reached XP level 6. HP: 41/41 MP: 1/13
  2612 | D:3      | Reached skill level 6 in Conjurations
  2624 | D:3      | Noticed Wander's ghost (amateur HuWn)
  3472 | D:4      | Reached XP level 7. HP: 46/46 MP: 0/14
  3602 | D:4      | Reached skill level 1 in Fire Magic
  3636 | D:4      | HP: 3/69 [gnoll/flail (1)]
  3638 | D:4      | Gained mutation: You are partially covered in molten scales. (AC +2) [potion of mutation]
  3638 | D:4      | Gained mutation: You are dopey. (Int -2) [potion of mutation]
  3638 | D:4      | Lost mutation: You are dopey. (Int -2) [potion of mutation]
  3909 | D:4      | Reached skill level 1 in Air Magic
  3909 | D:4      | Reached skill level 1 in Poison Magic
  3962 | D:4      | Reached skill level 7 in Conjurations
  4098 | D:4      | Reached XP level 8. HP: 26/52 MP: 12/15
  4185 | D:4      | Found a runed door.
  4185 | D:4      | Noticed a human
  4187 | D:4      | Found a basalt altar of Yredelemnul.
  4369 | D:4      | Reached skill level 8 in Conjurations
  4644 | D:4      | Found a staircase to the Ecumenical Temple.
  4657 | Temple   | Entered the Ecumenical Temple
  4748 | Temple   | Became a worshipper of Vehumet
  5448 | D:5      | Entered Level 5 of the Dungeon
  5839 | D:5      | Reached * piety under Vehumet
  5839 | D:5      | Offered knowledge of Freeze by Vehumet.
  5853 | D:5      | Learned a level 1 spell: Freeze
  5969 | D:5      | Reached skill level 1 in Short Blades
  6528 | D:6      | Noticed equalderp2856's ghost (amateur FeSu)
  6957 | D:6      | Reached XP level 9. HP: 54/57 MP: 18/18
  6960 | D:6      | Found Qokady's Gadget Shoppe.
  6987 | D:6      | Reached skill level 9 in Conjurations
  7174 | D:6      | Killed equalderp2856's ghost
  7279 | D:6      | Found Netuuppu's Antique Armour Boutique.
  7288 | D:6      | Bought an embroidered robe for 134 gold pieces
  7378 | D:6      | Found Cilae's Book Emporium.
  7398 | D:6      | Reached skill level 1 in Dodging
  8441 | D:7      | Learned a level 7 spell: Orb of Destruction
  8446 | D:7      | Learned a level 4 spell: Iskenderun's Mystic Blast
  8489 | D:7      | Noticed Joseph
  8552 | D:7      | Offered knowledge of Flame Tongue by Vehumet.
  8556 | D:7      | Reached ** piety under Vehumet
  8628 | D:7      | Reached skill level 10 in Conjurations
  8628 | D:7      | Reached XP level 10. HP: 63/63 MP: 3/21
  8682 | D:7      | Noticed Natasha
  8687 | D:7      | Killed Natasha
  8710 | D:7      | Noticed Natasha
  8714 | D:7      | Killed Natasha
  8828 | D:7      | Found a deep blue altar of Sif Muna.
  8828 | D:7      | Found a hazy altar of Hepliaklqana.
  8828 | D:7      | Found a faded altar of an unknown god.
  8831 | D:7      | Found a faded altar of an unknown god.
  8836 | D:7      | Found a faded altar of an unknown god.
  8840 | D:7      | Killed Joseph
  9000 | D:7      | Reached skill level 11 in Conjurations
  9197 | D:7      | Found a snail-covered altar of Cheibriados.
  9491 | D:7      | Noticed Natasha
  9492 | D:7      | Killed Natasha
  9958 | D:8      | Noticed Maurice
  9964 | D:8      | Offered knowledge of Inner Flame by Vehumet.
 10430 | D:8      | Reached *** piety under Vehumet
 10437 | D:8      | Noticed Erica
 10450 | D:8      | Killed from afar by Maurice

Skill      XL: |  1  2  3  4  5  6  7  8  9 10 |
---------------+-------------------------------+-----
Conjurations   | 1 2 3 4 5 6 7 8 10 11 | 11.9
Fire Magic     | 1 |  1.3
Air Magic      | 1 |  1.0
Poison Magic   | 1 |  1.1
Short Blades   | 2 4 |  4.0
Spellcasting   | 6 7 |  7.3
Dodging        | 2 |  2.0
Transmutations | |  1.0
Ice Magic      | |  1.0
Earth Magic    | |  1.0
Evocations     | |  2.0

Action                   |  1- 3 |  4- 6 |  7- 9 | 10-12 || total
-------------------------+-------+-------+-------+-------++-------
Melee: Club              |    30 |       |       |       ||    30
       Whip              |    20 |    93 |   114 |       ||   227
       Mace              |     1 |       |       |       ||     1
       Short sword       |       |       |   168 |     3 ||   171
       Staff             |       |       |       |     3 ||     3
 Cast: Magic Dart        |    51 |    58 |   150 |    81 ||   340
       Conjure Flame     |       |     6 |     1 |       ||     7
       Mephitic Cloud    |       |     3 |    24 |     3 ||    30
       Iskenderun's Myst |       |       |     6 |    29 ||    35
  Use: Scroll            |       |     5 |     9 |     3 ||    17
       Potion            |       |     1 |     7 |     1 ||     9
 Stab: Confused          |       |     3 |     5 |       ||     8
  Eat: Chunk             |       |     8 |    15 |     4 ||    27
       Bread ration      |       |       |     1 |     1 ||     2
Armor: Robe              |    14 |    23 |    95 |     8 ||   140
       Skin              |       |     9 |    27 |       ||    36
Dodge: Dodged            |    40 |   117 |   265 |    43 ||   465
